 Dungeon Crawl Stone Soup version 0.30-a0-728-gc68057be0a (webtiles) character file.

Game seed: 4147688233093446138

362 sokol815 the Firebug (level 6, -3/45 HPs)
             Began as a Demigod Fire Elementalist on Jan 30, 2023.
             Slain by Duvessa
             ... wielding a +0 short sword
              (11 damage)
             ... on level 4 of the Dungeon on Jan 31, 2023.
             The game lasted 00:09:06 (3928 turns).

sokol815 the Firebug (Demigod Fire Elementalist)    Turns: 3928, Time: 00:09:07

Health: -3/45      AC:  2    Str:  9    XL:     6   Next: 15%
Magic:  1/11       EV: 12    Int: 25    God:
Gold:   139        SH:  0    Dex: 14    Spells: 2/8 levels left

rFire   . . .      SeeInvis .    a - +3 dagger (venom)
rCold   . . .      Faith    .    (no shield)
rNeg    . . .      Spirit   .    j - +0 robe
rPois   .          Reflect  .    (no helmet)
rElec   .          Harm     .    h - scarf {+Inv}
rCorr   .          Rampage  .    (no gloves)
Will    .....                    (no boots)
Stlth   ++                       (no amulet)
HPRegen 0.27/turn                (no ring)
MPRegen 0.12/turn                (no ring)

@: no status effects
A: high MP 1, forlorn, divine attributes
a: Evoke Invisibility


You were on level 4 of the Dungeon.
You visited 1 branch of the dungeon, and saw 4 of its levels.

You collected 253 gold pieces.
You spent 114 gold pieces at shops.

Inventory:

Hand Weapons
 a - a +3 dagger of venom (weapon)
   (You took it off a kobold on level 2 of the Dungeon)
Missiles
 i - 3 poisoned darts
 s - 35 stones
Armour
 h - a scarf of invisibility (worn)
   (You found it on level 2 of the Dungeon)
 j - a +0 robe (worn)
Scrolls
 c - a scroll of silence {unknown}
 d - 2 scrolls of enchant armour {unknown}
 f - a scroll of vulnerability {unknown}
 g - a scroll of poison {unknown}
 l - a scroll of immolation {unknown}
 Y - a scroll of teleportation {@r3}
Potions
 b - 2 potions of lignification {unknown}
 e - 3 potions of haste {unknown}
 k - 2 potions of attraction {!q}
 m - 2 potions of brilliance {unknown}
 J - 3 potions of curing {@q1}
 L - a potion of flight
 M - a potion of magic
 N - a potion of heal wounds {@q2}


   Skills:
 - Level 1.7 Dodging
 - Level 1.7 Stealth
 - Level 1.7 Spellcasting
 - Level 0.8 Conjurations
 + Level 1.1 Translocations
 + Level 5.8 Fire Magic
 + Level 1.1 Air Magic
 * Level 2.0 Evocations


You had 2 spell levels left.
You knew the following spells:

 Your Spells              Type           Power      Damage    Failure   Level
a - Foxfire               Conj/Fire      72%        2x1d7     3%          1
b - Scorch                Fire           62%        2d8       1%          2
c - Kindle Blastsparks    Fire/Tloc/Air  30%        2d12      12%         3

Your spell library contained the following spells:

 Spells                   Type           Power      Damage    Failure   Level
 Inner Flame              Hex/Fire       16%        N/A       11%         3
 Flame Wave               Conj/Fire      18%        2d7       28%         4


Dungeon Overview and Level Annotations

Branches:
Dungeon (4/15) Zot: 20068
 Temple: D:4-7

Shops:
D:3 !*?

Annotations:
D:4 Duvessa


Innate Abilities, Weirdness & Mutations

You have an increased reservoir of magic. (+10% MP)
You shall have no god before yourself.
Your divine heritage dramatically boosts your attributes as you level up.


Message History

You now have 9/10 mp.
You miscast Foxfire.
You are very lightly contaminated with residual magic.
Nothing appears to happen.
The foxfire hits Menkaure but does no damage. x2
You now have 8/10 mp.
Flames lash Menkaure.
Menkaure is burned terribly!
Menkaure's fire resistance burns away.
You now have 6/10 mp.
Flames lash Menkaure.
Menkaure is burned terribly!
You now have 4/10 mp.
Unknown command.
You conjure some foxfire!
Menkaure gestures wildly while chanting.
Menkaure seems to speed up.
You now have 3/10 mp.
You conjure some foxfire!
The foxfire hits Menkaure!
Menkaure is burned terribly!
The foxfire hits Menkaure.
Menkaure is burned terribly!
You destroy Menkaure!
Your Translocations skill increases to level 1!
Your Air Magic skill increases to level 1!
Your Evocations skill increases to level 1!
You now have 2/10 mp.
Your magical contamination has completely faded away.
You open the door.
Duvessa and Dowan come into view.
Duvessa is wielding a +0 short sword and wearing a +3 ring mail of poison resistance.
Dowan is wielding a +1 dagger of draining.
Dowan shouts!
MP restored: 10 Duvessa shouts!
Duvessa drinks a potion.
Duvessa flickers and vanishes!
Deactivating autopickup; reactivate with Ctrl-A.
Dowan casts a spell.
Dowan blinks!
Dowan casts a spell at you. The puff of flame hits you!
You take 7 damage, and have 31/38 hp.
Dowan gestures at you while chanting. The puff of frost misses you.
Dowan says, "My weaknesses are her strengths!"
Dowan mumbles some strange words.
Dowan blinks!
Dowan attacks as you move away! Dowan closely misses you.
Dowan points at you and mumbles some strange words.
The puff of frost hits you!
You take 7 damage, and have 29/38 hp.
Unknown command.
Dowan gestures at you while chanting. The puff of flame hits you!
You take 7 damage, and have 22/38 hp.
Dowan casts a spell at you. The puff of frost hits you!
There is a stone staircase leading up here.
You take 6 damage, and have 16/38 hp.
You can't see any susceptible monsters within range! (Use Z to cast anyway.) Flames lash Dowan.
Dowan's fire resistance burns away.
You now have 8/10 mp.
Flames lash Dowan.
Dowan is burned terribly!
You kill Dowan!
Something shouts wrathfully, "No!"
Your Evocations skill increases to level 2!
You have reached level 6!
Your experience leads to a dramatic increase in your attributes!
Increase (s)trength, (i)ntelligence, or (d)exterity?
You feel clever. x4
You regained 4 hp, and now have 20/45 hp.
You now have 6/11 mp.
You hear a shout!
You climb upwards.
Reactivating autopickup.
There is a stone staircase leading down here.
You start resting.
Health restored: 45; MP restored: 11 You climb downwards.
Level annotation: Duvessa Duvessa hits you with a +0 short sword!
Duvessa closely misses you.
There is a stone staircase leading up here.
You take 13 damage, and have 32/45 hp.
MASSIVE DAMAGE!!
Flames lash Duvessa.
Duvessa's fire resistance burns away.
Duvessa barely misses you.
You now have 9/11 mp.
Flames lash Duvessa but do no damage.
Duvessa closely misses you. Duvessa hits you with a +0 short sword!
You take 15 damage, and have 18/45 hp.
MASSIVE DAMAGE!!
You now have 7/11 mp.
Flames lash Duvessa.
Duvessa is burned terribly!
Duvessa barely misses you.
You now have 5/11 mp.
Flames lash Duvessa.
Duvessa is burned terribly!
Duvessa barely misses you. Duvessa hits you with a +0 short sword!
* * * LOW HITPOINT WARNING * * *
You take 11 damage, and have 7/45 hp.
MASSIVE DAMAGE!!
You now have 3/11 mp.
Flames lash Duvessa.
Duvessa is burned terribly!
Duvessa hits you with a +0 short sword!
You die...

+...........
####...##.##
##..##.## ##....##
#..#### #+# #..####
#.# #.....e ### #.#
##e#### ##...##@##
#.# .....#..e## #.#
#.....[..#########.#
##.##...##.........#
#.###.###.#########
#.......e.#
###########


You could see Duvessa (berserk, combustible).

Vanquished Creatures
  Menkaure (D:4)
  Dowan (D:4)
  A hound (D:2)
  4 gnolls
  5 adders
  A worm (D:2)
  2 dart slugs
  11 bats
  9 endoplasms
  2 giant cockroaches
  9 goblins
  7 hobgoblins
  6 kobolds
  3 quokkas
  4 ball pythons
  3 frilled lizards
  8 rats
77 creatures vanquished.

Vanquished Creatures (others)
  138 foxfires
138 creatures vanquished.

Grand Total: 215 creatures vanquished

Notes
Turn   | Place    | Note
-------+----------+-------------------------------------------
     0 | D:1      | sokol815 the Demigod Fire Elementalist began the quest for
                  | the Orb.
     0 | D:1      | Reached XP level 1. HP: 14/14 MP: 5/5
    82 | D:1      | Reached skill level 3 in Fire Magic
   211 | D:1      | Reached XP level 2. HP: 20/20 MP: 5/7
   679 | D:1      | Learned a level 2 spell: Scorch
  1253 | D:2      | Reached XP level 3. HP: 26/26 MP: 3/8
  1328 | D:2      | Reached skill level 4 in Fire Magic
  2290 | D:2      | Reached XP level 4. HP: 33/33 MP: 9/9
  2296 | D:2      | Reached skill level 5 in Fire Magic
  2794 | D:3      | Found Nykyrud's Magic Scroll Shoppe.
  2797 | D:3      | Reached XP level 5. HP: 38/38 MP: 8/10
  2820 | D:3      | Bought a scroll of enchant weapon for 90 gold pieces
  2820 | D:3      | Bought a scroll of identify for 24 gold pieces
  2985 | D:3      | Found Xakatago's General Store.
  3062 | D:3      | Found Fifa's Distillery.
  3643 | D:3      | Learned a level 3 spell: Kindle Blastsparks
  3693 | D:4      | Noticed Menkaure
  3699 | D:4      | Killed Menkaure
  3700 | D:4      | Reached skill level 1 in Translocations
  3700 | D:4      | Reached skill level 1 in Air Magic
  3700 | D:4      | Reached skill level 1 in Evocations
  3787 | D:4      | Noticed Duvessa
  3787 | D:4      | Noticed Dowan
  3829 | D:4      | Killed Dowan
  3830 | D:4      | Reached skill level 2 in Evocations
  3830 | D:4      | Reached XP level 6. HP: 20/45 MP: 6/11
  3927 | D:4      | HP: 7/45 [Duvessa/+0 short sword (11)]
  3928 | D:4      | Slain by Duvessa

Illustrated notes

Levels and vault maps discovered:
D:1:      heliophobic_arrival_ceremonial_halls, layout_loops_ring,
          hangedman_decor_clover_reticule, feat_on_display
D:2:      layout_loops_corners
D:3:      layout_basic, xom_redecorated, serial_shops, shop_statue, shop,
          shop_coins
D:4:      layout_loops_corners, zin_statuary, ebering_ghost_sewer_f,
          uniq_menkaure, uniq_duvessa

Skill      XL: |  1  2  3  4  5 |
---------------+----------------+-----
Fire Magic     | 3 4 5 |  5.8
Translocations | 1 |  1.1
Air Magic      | 1 |  1.1
Evocations     | 2 |  2.0
Dodging        | |  1.7
Stealth        | |  1.7
Spellcasting   | |  1.7
Conjurations   | |  0.8

Action                     |  1- 3 |  4- 6 || total
---------------------------+-------+-------++-------
  Melee: Dagger            |    27 |     4 ||    31
   Cast: Foxfire           |    59 |    24 ||    83
         Scorch            |    17 |    24 ||    41
    Use: Scroll            |     2 |     4 ||     6
   Stab: Sleeping          |     1 |       ||     1
 Armour: Robe              |     6 |       ||     6
  Dodge: Dodged            |    22 |    14 ||    36

Table legend: (Time is in decaauts)
 A = Elapsed time spent in this place.
 B = Non-inter-level travel time spent in this place.
 C = Inter-level travel time spent in this place.
 D = Time resting spent in this place.
 E = Time spent auto-exploring this place.
 F = Levels seen in this place.
 G = Mean time per level.
                   A        B        C        D        E       F      G
               +--------+--------+--------+--------+--------+-----+--------+
         Total |   3930 |   3868 |     62 |    273 |   3137 |   4 |  982.5 |
       Dungeon |   3930 |   3868 |     62 |    273 |   3137 |   4 |  982.5 |
               +--------+--------+--------+--------+--------+-----+--------+

Top non-repeatable levels by time:
     D:2: 1460 daAuts
     D:1: 1224 daAuts
     D:3: 1069 daAuts
     D:4: 175 daAuts

Table legend:
 A = Kills in this place as a percentage of kills in entire the game.
 B = Kills by you in this place as a percentage of kills by you in the entire game.
 C = Kills by friends in this place as a percentage of kills by friends in the entire game.
 D = Other kills in this place as a percentage of other kills in the entire game.
 E = Experience gained in this place as a percentage of experience gained in the entire game.
 F = Experience gained in this place divided by the number of levels of this place that you have seen.
                   A       B       C       D       E      F
               +-------+-------+-------+-------+-------+----------------------
         Total | 100.0 | 100.0 |   N/A |   N/A | 100.0 | 129.5
       Dungeon | 100.0 | 100.0 |   N/A |   N/A | 100.0 | 129.5
               +-------+-------+-------+-------+-------+----------------------
